 Dungeon Crawl Stone Soup version 0.26-a0-1101-g8f9f7f7418 (webtiles) character file.

Game seed: 10355901411060736981

2249 Dracia the Spear-Bearer (level 9, -10/71 HPs)
             Began as a Merfolk Gladiator on Dec 15, 2020.
             Was a Follower of Okawaru.
             Mangled by a yak (12 damage)
             ... on level 6 of the Dungeon.
             The game lasted 00:13:33 (7291 turns).

Dracia the Spear-Bearer (Merfolk Gladiator)         Turns: 7291, Time: 00:13:33

Health: -10/71     AC:  8    Str: 15    XL:     9   Next: 37%
Magic:  10/12      EV: 16    Int: 10    God:    Okawaru [*.....]
Gold:   200        SH:  0    Dex: 15    Spells: 8/8 levels left

rFire    + . .     SeeInvis .   a - +0 trident
rCold    + . .     Faith    .   (no shield)
rNeg     . . .     Spirit   .   f - +0 ring mail
rPois    .         Reflect  .   c - +0 helmet
rElec    .         Harm     .   (no cloak)
rCorr    .         Rampage  .   (no gloves)
Will     .....                  m - +0 pair of boots
Stlth    ++........             (no amulet)
HPRegen  0.21/turn              F - ring of protection from fire
MPRegen  0.13/turn              C - ring of protection from cold

@: heroism
A: change form in water, swift swim, stealthy swim
a: Heroism, Renounce Religion


You were on level 6 of the Dungeon.
You worshipped Okawaru.
Okawaru was aware of your devotion.
You visited 1 branch of the dungeon, and saw 6 of its levels.
You also visited: Sewer.

You collected 200 gold pieces.


   Skills:
 + Level 6.6(11.6) Fighting
 - Level 14.0(19.0) Polearms
 - Level 2.0(7.0) Throwing
 - Level 4.0(9.0) Dodging
 - Level 4.4 Invocations


You had 8 spell levels left.
You didn't know any spells.
Your spell library was empty.

Inventory:

Hand Weapons
 a - a +0 trident (weapon)
Missiles
 d - 3 throwing nets (quivered) {=f=f}
 t - 8 poisoned darts
Armour
 b - a +0 leather armour
 c - a +0 helmet (worn)
 f - a +0 ring mail (worn)
 m - a +0 pair of boots (worn)
Jewellery
 C - a ring of protection from cold (right hand)
 F - a ring of protection from fire (left hand)
 Q - an uncursed ring of stealth
Wands
 y - a wand of paralysis (4)
Scrolls
 e - 5 scrolls of identify {@r1@r1}
 i - 2 scrolls of magic mapping
 j - 4 scrolls of blinking {unknown}
 o - 3 scrolls of enchant armour {unknown}
 q - 2 scrolls of remove curse {unknown}
 s - 3 scrolls of teleportation {@r4@r4}
 u - a scroll of random uselessness {unknown}
Potions
 g - 2 potions of invisibility
 h - 4 potions of curing {@q1@q1}
 k - a potion of flight {unknown}
 l - a potion of magic {unknown}
 n - a potion of mutation {unknown}
 p - a potion of berserk rage {!q!q}
 r - a potion of might
 v - a potion of resistance {unknown}
 w - a potion of heal wounds {@q2@q2}
 x - a potion of degeneration {unknown}
 z - a potion of haste {unknown}
 A - a potion of lignification {unknown}

Dungeon Overview and Level Annotations

Branches:
Dungeon (6/15)              Sewer (visited)
 Temple: D:4-7

Altars:
Ashenzari
Okawaru
Qazlal

#(# #.# #.#
#.# #.######
#......#
######.# #.#
#@### #Y..#
#Y..........#
######.######
.# .# .# .#
.#


You could see a yak.


Message History

The yak completely misses you.
You puncture the yak!
You kill the yak!
Okawaru accepts your kill. The yak gores you!
* * * LOW HITPOINT WARNING * * *
Items here: ††††.
Reach: a) +0 trident
Press: ? - help, Dir - move target, f - yak
Aim: a yak You impale the yak!!
The yak is heavily wounded.
The yak misses you.
Unknown command.
You hit the yak.
The yak is heavily wounded.
The yak completely misses you.
You puncture the yak!
The yak is severely wounded.
You hit the yak but do no damage.
The yak is severely wounded.
The yak gores you!
* * * LOW HITPOINT WARNING * * *
You barely miss the yak.
The yak is severely wounded.
Unknown command.
You hit the yak.
The yak is almost dead.
The yak gores you!
You die...

Skill      XL: |  1  2  3  4  5  6  7  8  9 |
---------------+----------------------------+-----
Polearms       | 5 6 8 9 10 12 14 | 14.0
Invocations    | 4 |  4.4
Fighting       | 3 6 |  6.6
Throwing       | |  2.0
Dodging        | |  4.0

Action                   |  1- 3 |  4- 6 |  7- 9 || total
-------------------------+-------+-------+-------++-------
Melee: Trident           |   116 |   288 |   331 ||   735
       Tailslap          |       |     1 |     2 ||     3
Invok: Heroism           |       |       |     2 ||     2
  Use: Scroll            |       |     4 |       ||     4
       Potion            |       |       |     3 ||     3
 Stab: Sleeping          |     1 |       |     4 ||     5
       Distracted        |       |       |     1 ||     1
Armor: Leather armour    |     2 |       |       ||     2
       Ring mail         |    35 |    58 |    58 ||   151
Dodge: Dodged            |    61 |   141 |   168 ||   370

Levels and vault maps discovered:
D:1:      minmay_arrival_semitransparent, layout_rooms, hex_intersection,
          minmay_pentomino_v4
D:2:      layout_loops_cross, ashenzari_altar_1, serial_undead, serial_undead_a,
          serial_undead_c, serial_undead_d, serial_undead_a,
          cheibrodos_gnoll_hut, uniq_natasha
D:3:      layout_basic, portal_sewer_entry_d, hangedman_decor_push,
          serial_bayou_pond_e
D:4:      kb_forest_paths, layout_layer_cave, okawaru_altar_gauntlet_db,
          gammafunk_ghost_necromancy, nicolae_qazlal_style_of_elements,
          uniq_eustachio
D:5:      layout_cave_pools
D:6:      layout_loops_ring, kennysheep_generic_room_14, uniq_duvessa,
          uniq_prince_ribbit1

Notes
Turn   | Place    | Note
-------+----------+-------------------------------------------
     0 | D:1      | Dracia the Merfolk Gladiator began the quest for the Orb.
     0 | D:1      | Reached XP level 1. HP: 16/16 MP: 1/1
    35 | D:1      | Reached skill level 5 in Polearms
    67 | D:1      | Reached XP level 2. HP: 22/22 MP: 2/2
   350 | D:1      | Reached skill level 6 in Polearms
   350 | D:1      | Reached XP level 3. HP: 21/27 MP: 3/3
   850 | D:2      | Reached XP level 4. HP: 33/33 MP: 4/4
   886 | D:2      | Reached skill level 7 in Polearms
  1076 | D:2      | Noticed Natasha
  1085 | D:2      | Killed Natasha
  1350 | D:2      | Found a broken altar of Ashenzari.
  1401 | D:2      | Reached skill level 8 in Polearms
  1401 | D:2      | Reached XP level 5. HP: 29/38 MP: 5/5
  2001 | D:3      | Found a glowing drain.
  2010 | Sewer    | Entered a sewer
  2141 | Sewer    | Reached skill level 9 in Polearms
  2430 | Sewer    | Reached XP level 6. HP: 41/44 MP: 6/6
  3784 | D:4      | Noticed Eustachio
  3796 | D:4      | Killed Eustachio
  3797 | D:4      | Reached skill level 10 in Polearms
  4108 | D:4      | Found a runed translucent gate.
  4109 | D:4      | Found a runed translucent gate.
  4110 | D:4      | Found a runed translucent gate.
  4112 | D:4      | Noticed Torious's ghost (novice DECj)
  4131 | D:4      | Reached XP level 7. HP: 50/50 MP: 7/7
  4158 | D:4      | Killed Torious's ghost
  4159 | D:4      | Reached skill level 12 in Polearms
  4493 | D:4      | Found an iron altar of Okawaru.
  4687 | D:4      | Became a worshipper of Warmaster Okawaru
  4718 | D:4      | Found a stormy altar of Qazlal.
  4719 | D:4      | Noticed a water elemental
  4719 | D:4      | Noticed a fire elemental
  4719 | D:4      | Noticed an air elemental
  5052 | D:4      | Reached XP level 8. HP: 56/56 MP: 8/8
  5070 | D:4      | Reached skill level 13 in Polearms
  5461 | D:5      | Entered Level 5 of the Dungeon
  5802 | D:5      | HP: 3/56 [orc priest/divine providence (12)]
  6334 | D:5      | Reached skill level 14 in Polearms
  6334 | D:5      | Reached skill level 1 in Invocations
  6683 | D:5      | Reached * piety under Okawaru
  6684 | D:5      | Reached skill level 3 in Invocations
  7041 | D:6      | Reached skill level 4 in Invocations
  7237 | D:6      | Noticed a yak
  7237 | D:6      | Noticed a yak
  7239 | D:6      | Noticed a yak
  7242 | D:6      | Noticed a yak
  7247 | D:6      | Noticed a yak
  7248 | D:6      | Killed a yak
  7249 | D:6      | Reached skill level 3 in Fighting
  7249 | D:6      | Reached XP level 9. HP: 45/65 MP: 9/12
  7254 | D:6      | Reached skill level 4 in Fighting
  7263 | D:6      | Reached skill level 5 in Fighting
  7280 | D:6      | Reached skill level 6 in Fighting
  7289 | D:6      | HP: 2/71 [yak (12)]
  7291 | D:6      | Mangled by a yak

Vanquished Creatures
  The ghost of Torious the Destroyer, a novice DECj of Sif Muna (D:4)
  5 yaks (D:6)
  Eustachio (D:4)
  A sky beast (D:5)
  An ogre (D:4)
  A bullfrog (D:6)
  2 howler monkeys
  A centaur zombie (D:4)
  A bullfrog zombie (D:6)
  A jelly (D:5)
  An orc priest (D:5)
  3 hounds
  4 orc wizards
  Natasha (D:2)
  4 worker ants (D:4)
  6 gnolls
  4 river rats (Sewer)
  6 adders
  2 oozes
  An adder zombie (D:2)
  An adder skeleton (D:4)
  3 worms
  4 dart slugs
  5 leopard geckos
  11 orcs
  5 ball pythons
  12 bats
  3 giant cockroaches
  9 goblins
  6 hobgoblins
  8 jackals
  4 quokkas
  2 ball python skeletons
  2 ball python zombies
  13 frilled lizards
  A giant cockroach zombie (D:5)
  2 jackal skeletons
  9 kobolds
  A quokka zombie (D:2)
  12 rats
160 creatures vanquished.

Table legend: (Time is in decaauts)
 A = Elapsed time spent in this place.
 B = Non-inter-level travel time spent in this place.
 C = Inter-level travel time spent in this place.
 D = Time resting spent in this place.
 E = Time spent auto-exploring this place.
 F = Levels seen in this place.
 G = Mean time per level.
                   A        B        C        D        E       F      G
               +--------+--------+--------+--------+--------+-----+--------+
         Total |   7083 |   6893 |    190 |   1300 |   4524 |   7 | 1011.9 |
       Dungeon |   6477 |   6287 |    190 |   1300 |   4065 |   6 | 1079.5 |
         Sewer |    605 |    605 |      0 |      0 |    459 |   1 |  605.0 |
               +--------+--------+--------+--------+--------+-----+--------+

Top non-repeatable levels by time:
     D:4: 2408 daAuts
     D:2: 1141 daAuts
     D:3: 1000 daAuts
     D:5: 896 daAuts
     D:1: 767 daAuts
   Sewer: 605 daAuts
     D:6: 262 daAuts

Table legend:
 A = Non-vault XP
 B = Vault XP
 C = Vault XP percentage of total XP
 D = Non-vault monster count
 E = Vault monster count
 F = Vault count percentage of total count
                 A         B        C        D         E       F
            +---------+---------+-------+---------+---------+-------
      Total |    2160 |    1053 |  32.8 |     112 |      48 |  30.0
            +---------+---------+-------+---------+---------+-------
        D:1 |      61 |       5 |   7.6 |      28 |       3 |   9.7
        D:2 |      89 |      63 |  41.4 |      16 |       8 |  33.3
        D:3 |      59 |      14 |  19.2 |      22 |       1 |   4.3
        D:4 |     218 |     890 |  80.3 |      16 |      16 |  50.0
        D:5 |     469 |       0 |   0.0 |      21 |       0 |   0.0
        D:6 |    1264 |       0 |   0.0 |       9 |       0 |   0.0
      Sewer |       0 |      81 | 100.0 |       0 |      20 | 100.0
            +---------+---------+-------+---------+---------+-------
